Map: Romanticide LE

Players

Clem - Winner!

  • Race: Terran Terran

souL

  • Race: Terran Terran

Event: DreamHack SC2 Masters 2021 Fall

VOD

Have the link to the VOD?

Description

Time

  • Played on: Aug. 13, 2021, 11:46 a.m.
  • Length: 20:02

All games in this series

Show
View Real Time Build Order
Export as new Build Order

Clem Terran - Winner!

Build Orders:  

Get SALT Encoding   

  12  0:00  SCV  
  13  0:12  SCV  
  14  0:17  Supply Depot  
  14  0:24  SCV  
  15  0:38  SCV  
  15  0:39  Barracks  
  15  0:42  Refinery  
  16  0:50  SCV  
  16  0:54  Refinery  
  17  1:02  SCV  
  18  1:15  SCV  
  19  1:27  Reaper, Orbital Command  
  19  1:30  Supply Depot  
  20  1:41  Factory  
  20  1:52  SCV  
  21  1:59  Reaper  
  22  2:04  SCV  
  23  2:14  Command Center  
  23  2:18  SCV  
  24  2:24  Hellion  
  26  2:31  Reaper, SCV  
  26  2:34  Supply Depot  
  28  2:43  SCV  
  29  2:44  Starport  
  29  2:50  Hellion  
  31  2:55  SCV  
  32  3:06  Barracks Tech Lab  
  32  3:07  SCV  
  33  3:17  Refinery, Factory Tech Lab  
  34  3:20  SCV  
  34  3:21  Medivac  
  34  3:26  Marine  
  37  3:27  Orbital Command  
  37  3:32  SCV  
  38  3:36  Cyclone  
  40  3:44  SCV  
  42  3:54  SCV  
  42  3:55  Supply Depot  
  43  3:56  SCV  
  43  4:05  Command Center  
  43  4:08  Raven  
  45  4:10  SCV  
  45  4:11  SCV  
  45  4:14  Barracks Reactor  
  47  4:22  SCV  
  47  4:23  SCV  
  49  4:25  Siege Tank  
  52  4:34  SCV  
  52  4:35  SCV  
  52  4:37  Supply Depot  
  53  4:49  SCV x2  
  53  4:51  Marine x2  
  53  4:52  Raven  
  59  4:53  Barracks  
  59  4:54  Barracks  
  59  4:58  Supply Depot  
  59  5:01  SCV x2  
  59  5:03  Siege Tank  
  64  5:09  Refinery  
  64  5:13  SCV x2  
  66  5:15  Supply Depot  
  66  5:21  Orbital Command  
  66  5:25  SCV  
  66  5:26  SCV  
  68  5:29  Supply Depot  
  68  5:37  SCV  
  68  5:38  SCV  
  68  5:41  Barracks Reactor  
  49  5:42  Marine, Stimpack  
  70  5:43  Barracks Reactor  
  70  5:44  Siege Tank  
  70  5:46  SCV  
  70  5:49  SCV  
  76  5:50  Viking  
  76  5:56  SCV  
  79  5:57  Supply Depot  
  79  5:58  Viking  
  79  5:59  SCV  
  79  6:01  SCV  
  79  6:02  Marine  
  84  6:08  SCV  
  84  6:11  SCV  
  86  6:14  SCV  
  86  6:15  Barracks  
  86  6:16  Barracks  
  86  6:18  Siege Tank  
  90  6:19  Marine  
  90  6:21  Marine x4  
  90  6:23  Medivac  
  90  6:25  SCV  
  98  6:28  Supply Depot, Medivac  
  100  6:34  SCV  
  100  6:37  Marine  
  100  6:39  Marine x3  
  104  6:42  Marine  
  104  6:44  Supply Depot, SCV  
  104  6:45  SCV, Engineering Bay  
  104  6:46  Engineering Bay  
  104  6:47  SCV  
  109  6:52  Siege Tank  
  112  6:55  Marine  
  112  6:56  SCV  
  112  6:57  Marine x2, SCV  
  112  6:58  Marine  
  112  7:00  Marine, Medivac  
  121  7:01  SCV  
  121  7:03  Refinery x2  
  121  7:05  Barracks Reactor  
  121  7:07  Barracks Reactor  
  122  7:10  SCV  
  122  7:11  SCV  
  122  7:13  Marine, Terran Infantry Weapons Level 1  
  122  7:15  Marine, Supply Depot  
  126  7:16  Terran Infantry Armor Level 1  
  126  7:18  Marine, Supply Depot  
  127  7:23  Marine, SCV  
  127  7:25  Marine  
  127  7:27  SCV  
  131  7:31  Marine  
  131  7:33  Marine  
  131  7:36  Marine, Siege Tank  
  137  7:41  Marine  
  137  7:43  Marine  
  139  7:44  Medivac x2  
  139  7:47  Marine  
  139  7:49  Supply Depot  
  140  7:51  Armory  
  140  7:52  Marine  
  140  7:54  SCV  
  140  7:57  Marine  
  142  8:01  Marine  
  142  8:03  Marine  
  142  8:04  Marine  
  126  8:08  Marine x4, Siege Tank  
  126  8:12  Marine, Command Center  
  128  8:14  Supply Depot  
  128  8:17  Combat Shield  
  128  8:18  Marine  
  130  8:23  Marine x2  
  130  8:24  Marine  
  130  8:26  Marine x2, Factory  
  135  8:29  Liberator  
  135  8:30  Liberator  
  140  8:35  Marine x2  
  140  8:36  Supply Depot  
  142  8:42  Marine x2  
  142  8:46  Marine x2  
  142  8:47  Marine  
  119  8:56  Marine  
  119  8:57  Marine  
  119  9:00  Marine x3  
  119  9:01  Siege Tank  
  119  9:02  Marine  
  117  9:04  Marine, Terran Vehicle Weapons Level 1  
  117  9:07  Marine x2  
  120  9:11  Sensor Tower  
  120  9:14  Marine x2  
  120  9:15  Viking  
  120  9:16  Viking  
  126  9:17  Terran Infantry Weapons Level 2  
  126  9:19  Marine x2, SCV x2, Sensor Tower  
  126  9:22  Marine  
  131  9:24  Marine  
  131  9:27  Terran Infantry Armor Level 2  
  131  9:30  Marine  
  131  9:31  Marine  
  134  9:34  Marine x2  
  134  9:37  Marine  
  137  9:39  Marine  
  137  9:41  Siege Tank  
  137  9:42  Marine x2  
  137  9:45  Refinery  
  142  9:47  Siege Tank  
  142  9:48  Marine  
  142  9:49  Refinery, Barracks Reactor  
  142  9:50  Viking  
  148  9:53  Viking  
  148  9:55  SCV x2  
  148  9:57  SCV  
  148  9:59  Planetary Fortress  
  153  10:02  Marine  
  153  10:04  Marine  
  153  10:06  Marine  
  156  10:07  SCV  
  156  10:12  Marine x2  
  156  10:13  Siege Tank  
  162  10:14  Marine  
  162  10:15  Marine  
  162  10:19  SCV  
  162  10:20  SCV, Command Center  
  166  10:23  Siege Tank  
  166  10:26  Viking  
  171  10:30  Marine, Viking  
  171  10:33  Marine  
  171  10:34  Marine x2  
  177  10:39  SCV  
  178  10:44  SCV x2, Starport x2  
  178  10:47  Siege Tank  
  181  10:55  Marine  
  181  10:56  Marine, Siege Tank  
  185  11:00  Marine  
  185  11:02  Viking x2  
  187  11:04  Marine  
  188  11:11  Marine  
  188  11:13  Supply Depot x2  
  188  11:20  Marine x3  
  188  11:23  Terran Vehicle Weapons Level 2  
  188  11:24  Siege Tank  
  188  11:28  SCV x2  
  188  11:31  Marine x2  
  188  11:32  Marine x2, Viking, Siege Tank  
  196  11:34  Marine  
  196  11:35  Marine x2  
  200  11:44  Starport Reactor  
  200  11:45  Starport Reactor  
  196  11:47  Marine x2  
  196  11:48  Fusion Core  
  196  11:51  Command Center  
  196  11:52  SCV  
  196  11:53  SCV  
  200  11:54  Command Center  
  200  11:56  Siege Tank  
  200  12:04  Siege Tank  
  200  12:08  Marine x3  
  197  12:10  Marine  
  200  12:27  Medivac  
  200  12:28  Marine x2, Siege Tank  
  200  12:29  Marine x4  
  193  12:30  Marine  
  193  12:31  Marine x3  
  193  12:36  Viking, Siege Tank  
  172  12:41  Terran Infantry Armor Level 3, Planetary Fortress, Terran Infantry Weapons Level 3  
  172  12:42  SCV x2  
  161  12:46  Marine x2, SCV  
  161  12:47  Marine x4  
  161  12:48  Marine  
  168  12:55  Marine x3  
  168  12:56  Viking  
  168  12:57  Viking  
  175  12:58  SCV  
  175  12:59  SCV  
  175  13:00  Siege Tank  
  175  13:02  Advanced Ballistics  
  180  13:07  Armory  
  180  13:08  Siege Tank  
  183  13:13  Missile Turret  
  183  13:14  Missile Turret  
  183  13:17  Orbital Command  
  183  13:20  Orbital Command  
  183  13:28  Liberator x2  
  183  13:29  Liberator  
  183  13:32  Refinery, Siege Tank  
  195  13:34  Refinery  
  195  13:37  Viking  
  195  13:40  Siege Tank  
  200  13:50  Command Center  
  200  13:51  Missile Turret  
  200  14:00  Terran Vehicle And Ship Armor Level 1  
  200  14:01  Terran Ship Weapons Level 1  
  200  14:08  Command Center  
  200  14:13  Missile Turret  
  200  14:15  Missile Turret  
  200  14:17  Sensor Tower  
  199  14:39  Marine  
  200  14:52  Marine x4  
  174  14:53  Siege Tank x2  
  174  14:54  Marine, Viking x2  
  174  14:56  Marine x3  
  174  14:57  Marine x2  
  181  15:04  Liberator  
  152  15:10  Marine x4  
  152  15:12  Marine  
  150  15:14  Marine x2  
  150  15:16  Viking x2  
  150  15:17  Viking  
  150  15:19  Marine x2  
  158  15:25  Siege Tank x2  
  158  15:27  Viking  
  166  15:32  Factory  
  166  15:33  Planetary Fortress  
  158  15:39  Viking  
  158  15:40  Marine  
  158  15:41  Marine x7  
  158  15:42  Marine x2  
  170  15:46  Liberator x3, Missile Turret  
  170  15:47  Missile Turret  
  172  15:57  Siege Tank x2  
  172  15:58  Marine x3  
  172  15:59  Marine  
  172  16:00  Marine  
  169  16:05  Marine x2  
  169  16:08  Marine  
  170  16:11  Marine x2  
  172  16:21  Missile Turret  
  172  16:22  Missile Turret  
  172  16:23  Factory Tech Lab  
  172  16:27  Liberator x2  
  172  16:29  Siege Tank x2  
  172  16:31  Planetary Fortress  
  181  16:36  Marine x3  
  181  16:38  Marine  
  181  16:39  SCV  
  186  16:40  Marine  
  186  16:41  Marine x3  
  186  16:42  SCV  
  194  16:47  Siege Tank  
  194  16:48  Sensor Tower  
  194  16:51  Marine  
  191  16:55  Marine  
  191  17:00  Terran Ship Weapons Level 2, Terran Vehicle And Ship Armor Level 2  
  192  17:01  Siege Tank x2  
  192  17:06  Viking  
  200  17:09  Starport  
  200  17:10  Starport  
  200  17:12  Weapon Refit  
  200  17:17  Refinery x2  
  199  17:24  Command Center  
  199  17:27  Neosteel Armor, Hi-Sec Auto Tracking  
  199  17:29  Command Center  
  193  17:38  Marine, Siege Tank  
  198  17:44  Siege Tank  
  198  17:49  Siege Tank  
  199  18:02  Marine  
  200  18:08  Marine, Viking  
  200  18:17  Starport Tech Lab  
  200  18:18  Starport Tech Lab  
  200  18:19  Smart Servos  
  200  18:33  Marine  
  172  18:35  Siege Tank  
  172  18:36  Marine x6  
  172  18:38  Battlecruiser x2  
  172  18:40  Liberator x2  
  198  18:43  Marine x2, Orbital Command  
  198  18:49  SCV  
  198  18:51  SCV  
  198  18:53  Marine  
  198  18:54  Marine  
  193  18:55  SCV  
  193  18:56  Marine x2  
  193  18:57  SCV  
  193  18:58  SCV  
  193  18:59  Marine, Siege Tank  
  198  19:04  Marine x2  
  200  19:14  Marine x2, Siege Tank  
  183  19:17  Marine x2, Siege Tank  
  183  19:18  Liberator x2  
  183  19:20  Marine  
  183  19:22  Marine x2  
  186  19:26  Marine x2  
  186  19:27  Marine  
  189  19:32  Marine x2  
  189  19:35  Marine x2  
  200  19:42  Command Center  
Show
View Real Time Build Order
Export as new Build Order

souL Terran 

Build Orders: Reaper Expand 

Get SALT Encoding   

  12  0:00  SCV  
  13  0:12  SCV  
  14  0:17  Supply Depot  
  14  0:24  SCV  
  15  0:39  SCV  
  15  0:40  Barracks  
  16  0:45  Refinery  
  16  0:51  SCV  
  17  1:03  SCV  
  18  1:15  SCV  
  19  1:28  Orbital Command  
  19  1:29  Reaper  
  19  1:32  Supply Depot  
  20  1:50  Command Center  
  20  1:54  SCV  
  21  2:01  Marine  
  21  2:06  Factory  
  22  2:10  SCV  
  23  2:19  Marine, Bunker  
  23  2:22  SCV  
  25  2:29  Refinery  
  25  2:34  SCV  
  25  2:37  Marine  
  27  2:46  SCV  
  27  2:51  Hellion  
  30  2:52  Starport  
  30  2:53  Refinery  
  30  2:58  SCV  
  30  3:04  Barracks Reactor  
  31  3:06  Orbital Command  
  31  3:10  SCV  
  32  3:14  Factory Tech Lab  
  32  3:23  SCV  
  33  3:28  Supply Depot  
  33  3:31  SCV  
  34  3:35  SCV  
  34  3:36  Cyclone  
  34  3:38  Starport Tech Lab  
  34  3:41  Marine  
  38  3:43  SCV  
  38  3:47  SCV  
  39  3:56  SCV, Raven  
  39  3:59  SCV  
  39  4:01  Supply Depot  
  43  4:04  Marine  
  43  4:07  Marine  
  43  4:08  SCV  
  46  4:11  SCV  
  46  4:12  Siege Tank  
  50  4:20  SCV  
  50  4:23  Marine, SCV  
  53  4:32  SCV  
  53  4:37  SCV  
  52  4:39  Marine  
  52  4:43  Marine  
  52  4:44  Cyclone  
  58  4:47  Raven  
  58  4:50  Command Center  
  59  4:55  SCV, Supply Depot  
  59  4:57  Marine  
  59  4:58  SCV  
  62  5:02  Supply Depot  
  62  5:04  Refinery  
  62  5:12  Supply Depot  
  62  5:17  SCV x2, Siege Tank  
  67  5:29  SCV x2  
  67  5:34  Barracks x2  
  67  5:39  Stimpack  
  67  5:41  SCV x2  
  69  5:44  Viking x2  
  69  5:46  Marine  
  74  5:52  Engineering Bay  
  74  5:53  SCV, Engineering Bay  
  74  5:56  Siege Tank  
  78  6:01  SCV  
  78  6:04  Orbital Command  
  79  6:05  SCV  
  80  6:11  Marine  
  80  6:13  SCV  
  80  6:14  Viking  
  80  6:16  Viking  
  80  6:17  SCV  
  87  6:20  Sensor Tower  
  87  6:22  Barracks Reactor  
  87  6:23  Barracks Reactor  
  87  6:25  SCV  
  88  6:27  Orbital Command  
  88  6:28  Missile Turret  
  88  6:30  SCV  
  89  6:34  Marine  
  89  6:37  SCV  
  90  6:42  SCV, Siege Tank  
  90  6:44  Viking  
  96  6:47  Supply Depot  
  96  6:48  Supply Depot  
  96  6:49  SCV  
  96  6:52  Marine, SCV  
  99  6:54  SCV  
  99  6:59  Terran Infantry Armor Level 1, Terran Infantry Weapons Level 1  
  100  7:01  SCV  
  101  7:09  SCV x2  
  101  7:13  Marine x3, Supply Depot, SCV  
  101  7:14  Siege Tank  
  101  7:15  Supply Depot  
  110  7:18  Medivac  
  110  7:20  Refinery  
  110  7:21  Marine, SCV x2, Refinery  
  114  7:25  SCV  
  114  7:26  Marine  
  116  7:30  Marine  
  116  7:35  Marine, SCV x2  
  116  7:36  Supply Depot  
  119  7:37  Marine, Supply Depot, SCV  
  119  7:40  Medivac  
  119  7:41  Marine  
  122  7:44  Marine  
  122  7:48  Marine, Medivac  
  122  7:49  SCV  
  127  7:52  Marine  
  127  7:55  Marine  
  123  7:58  Marine  
  123  8:02  Marine  
  116  8:06  Marine, SCV  
  116  8:07  SCV  
  116  8:08  SCV  
  116  8:10  Marine, Medivac  
  116  8:12  Marine  
  123  8:14  Refinery  
  123  8:15  Barracks  
  123  8:16  Marine  
  123  8:17  Barracks  
  123  8:18  SCV, Medivac  
  128  8:20  Marine  
  128  8:24  Marine, SCV x2, Combat Shield  
  132  8:28  Marine  
  132  8:30  Marine, SCV  
  134  8:34  Marine  
  134  8:36  SCV x2  
  134  8:38  Marine  
  134  8:40  Medivac  
  140  8:42  Marine, SCV  
  140  8:46  Marine  
  140  8:48  Marine, SCV  
  138  8:50  Medivac  
  138  8:52  Marine  
  123  8:56  Marine  
  123  9:00  Marine, Siege Tank  
  120  9:03  Barracks Reactor x2  
  120  9:04  Marine, Armory  
  120  9:05  SCV, Command Center  
  120  9:06  Marine  
  123  9:10  Marine  
  123  9:11  SCV  
  123  9:13  Marine  
  123  9:16  SCV  
  127  9:17  Marine  
  127  9:18  SCV  
  127  9:21  Marine  
  127  9:23  SCV  
  127  9:24  Marine  
  131  9:27  Marine  
  131  9:28  Liberator  
  131  9:29  Liberator  
  139  9:31  Supply Depot  
  139  9:32  Marine  
  139  9:35  Marine, SCV  
  142  9:39  Marine  
  142  9:42  Marine  
  144  9:46  Marine x5  
  149  9:52  Marine  
  149  9:53  Marine, Supply Depot  
  149  9:54  Supply Depot  
  149  9:56  Supply Depot, Terran Infantry Weapons Level 2  
  149  9:57  Marine  
  149  9:59  Marine, Terran Infantry Armor Level 2  
  152  10:04  Marine x2  
  152  10:06  Marine  
  156  10:07  Marine x2  
  156  10:10  Terran Vehicle Weapons Level 1  
  156  10:13  Supply Depot  
  158  10:14  Factory  
  158  10:15  Marine  
  159  10:22  SCV  
  159  10:23  Marine, SCV x2  
  159  10:26  Marine  
  164  10:34  Starport  
  164  10:35  SCV x2  
  164  10:36  Starport  
  164  10:37  SCV  
  164  10:38  Marine, Refinery  
  164  10:41  Sensor Tower  
  166  10:43  Refinery  
  166  10:47  SCV  
  166  10:50  Viking  
  166  10:51  Viking, Armory  
  166  10:53  Fusion Core  
  166  10:55  Siege Tank  
  173  11:00  Marine x5  
  173  11:03  Planetary Fortress  
  178  11:04  Marine  
  178  11:08  Marine  
  179  11:12  Marine  
  179  11:13  Marine  
  179  11:16  Factory Tech Lab  
  179  11:17  Marine  
  179  11:19  Marine  
  179  11:21  Marine  
  179  11:24  Marine  
  173  11:26  Marine x3  
  173  11:28  Siege Tank  
  173  11:30  Marine  
  173  11:31  Marine  
  178  11:35  Marine  
  178  11:37  Marine  
  178  11:39  Marine  
  181  11:42  Marine  
  181  11:44  Marine  
  181  11:47  Marine  
  181  11:48  Marine x3  
  181  11:53  Marine  
  189  11:54  Siege Tank  
  189  11:55  Marine  
  189  11:57  Marine, Liberator  
  194  12:01  Marine  
  185  12:08  Marine  
  185  12:11  Marine  
  185  12:13  Marine  
  188  12:16  Marine  
  188  12:18  Marine  
  188  12:21  Marine  
  188  12:22  Marine  
  190  12:23  Orbital Command  
  190  12:27  Marine  
  165  12:31  Marine  
  165  12:32  Marine  
  165  12:34  Marine  
  165  12:35  Marine x2  
  149  12:38  Liberator x2  
  149  12:40  Marine  
  149  12:42  Marine  
  149  12:43  Marine  
  148  12:44  Marine  
  148  12:46  Siege Tank  
  148  12:49  Marine  
  146  12:52  Terran Infantry Armor Level 3, Terran Infantry Weapons Level 3  
  146  12:54  Marine  
  147  13:00  SCV x3, Bunker  
  150  13:10  Marine  
  150  13:12  SCV x3  
  154  13:14  Siege Tank  
  154  13:17  Marine x8  
  165  13:22  Siege Tank  
  165  13:24  SCV x3  
  165  13:25  Starport Reactor  
  171  13:27  Marine  
  171  13:31  Starport Reactor  
  172  13:35  Marine x4  
  172  13:38  Marine  
  177  13:45  Terran Vehicle Weapons Level 2, Command Center  
  177  13:46  Siege Tank  
  177  13:47  Marine x3  
  183  13:49  Marine  
  183  13:54  Marine, Siege Tank  
  185  13:56  Marine x4  
  185  13:57  Missile Turret  
  189  14:05  Marine x3  
  189  14:07  Marine  
  193  14:10  Armory  
  193  14:11  Marine  
  193  14:14  Marine  
  195  14:17  Viking  
  195  14:18  Siege Tank  
  195  14:26  Siege Tank  
  195  14:27  Marine  
  195  14:29  Marine  
  198  14:31  Marine  
  198  14:37  Marine  
  160  15:01  Marine  
  160  15:02  Marine x7  
  160  15:04  Marine  
  133  15:07  Siege Tank  
  126  15:19  Marine x6  
  126  15:20  Marine x2  
  133  15:22  Marine  
  130  15:32  Siege Tank  
  133  15:37  Marine  
  133  15:39  SCV x3  
  133  15:40  Siege Tank  
  140  15:49  Marine  
  137  15:50  Marine, Command Center  
  137  15:51  Marine x6, SCV x2  
  137  15:55  Marine  
  112  16:04  Siege Tank  
  112  16:06  Medivac x2  
  112  16:07  Marine, Medivac x2  
  112  16:08  Marine x4  
  112  16:10  SCV x3  
  132  16:12  Siege Tank  
  132  16:13  Marine  
  132  16:15  Orbital Command  
  136  16:20  Marine  
  136  16:22  SCV  
  136  16:23  SCV, Sensor Tower  
  136  16:24  Medivac  
  140  16:34  Marine x7  
  140  16:35  Marine  
  140  16:37  Siege Tank  
  140  16:39  SCV x2  
  152  16:40  SCV  
  152  16:44  Marine, Siege Tank  
  155  16:52  Marine  
  155  16:53  Marine  
  152  16:57  Marine x3  
  152  16:59  Sensor Tower  
  152  17:00  Medivac  
  157  17:05  Planetary Fortress  
  157  17:06  Marine  
  158  17:11  Marine, Siege Tank  
  162  17:16  Marine x3  
  162  17:22  Marine, Siege Tank  
  167  17:26  Marine  
  168  17:32  Marine  
  169  17:39  Marine x6  
  169  17:40  Marine  
  169  17:44  Marine  
  174  17:50  Marine, Siege Tank  
  175  17:57  Marine x3  
  178  18:02  Marine  
  178  18:04  Marine x2  
  178  18:05  Marine x2  
  169  18:08  Marine  
  155  18:14  Siege Tank  
  155  18:15  Marine x3  
  155  18:19  Marine  
  154  18:22  Marine x4  
  154  18:26  Marine  
  153  18:32  Marine  
  153  18:33  Marine x2  
  139  18:37  Marine, Medivac  
  139  18:40  Marine x4  
  146  18:44  Marine, Medivac  
  146  18:50  Marine x2  
  146  18:51  Marine  
  146  18:55  Marine  
  142  18:58  Marine x4  
  142  19:02  Marine  
  128  19:08  Marine x3  
  126  19:13  Marine  
  126  19:15  Medivac  
  126  19:16  Marine x4  
  91  19:19  Marine  
  91  19:22  Medivac  
  89  19:24  SCV x5  
  89  19:26  Marine x3  
  89  19:31  Marine  
  97  19:33  Marine  
  97  19:34  Marine x2  
  97  19:36  Marine, SCV x3  
  97  19:37  Marine  
  105  19:44  Marine x3  

Tags
 
Add a new tag
Caveats
  • Supply blocks, unpowered buildings, or Contaminate may cause inaccurate times.
  • Supply counts are checked every 10 seconds.